 Dungeon Crawl Stone Soup version 0.24.0-1-gfbc8707 (webtiles) character file.

Game seed: 15352138788511925663, levelgen mode: deterministic

70 Fang the Skirmisher (level 4, -4/29 HPs)
             Began as a Gargoyle Berserker on Oct 31, 2019.
             Was a Believer of Trog.
             Slain by an orc
             ... wielding a +0 flail
              (10 damage)
             ... on level 3 of the Dungeon.
             The game lasted 00:03:26 (1942 turns).

Fang the Skirmisher (Gargoyle Berserker)            Turns: 1942, Time: 00:03:27

Health: -4/29      AC:  5    Str: 21    XL:     4   Next: 22%
Magic:  4/4        EV: 12    Int:  8    God:    Trog [**....]
Gold:   126        SH:  0    Dex:  9    Spells: 3/3 levels left

rFire    . . .     SeeInvis .   a - +0 hand axe
rCold    . . .     Gourm    .   (no shield)
rNeg     + . .     Faith    .   b - +0 animal skin
rPois    ∞         Spirit   .   (no helmet)
rElec    +         Reflect  .   (no cloak)
rCorr    .         Harm     .   (no gloves)
MR       .....                  (no boots)
Stlth    +.........             (no amulet)
HPRegen  0.09/turn              (no ring)
MPRegen  0.09/turn              (no ring)

@: berserk cooldown, slowed, very slow
A: negative energy resistance 1, electricity resistance, unbreathing,
petrification resistance, rot immunity, AC +3
a: Berserk, Trog's Hand, Renounce Religion


You were on level 3 of the Dungeon.
You worshipped Trog.
Trog was pleased with you.
You were near starving.

You visited 1 branch of the dungeon, and saw 3 of its levels.

You collected 126 gold pieces.

Inventory:

Hand Weapons
 a - a +0 hand axe (weapon)
Armour
 b - a +0 animal skin (worn)
Jewellery
 n - an uncursed ring of stealth {unknown}
 o - an uncursed amulet of magic regeneration {unknown}
Scrolls
 d - a scroll of blinking {unknown}
 g - 2 scrolls of identify {unknown}
 h - a scroll of fear {unknown}
 j - a scroll of teleportation {unknown}
 k - 2 scrolls of remove curse {unknown}
Potions
 e - 2 potions of resistance {unknown}
 i - a potion of cancellation {unknown}
 l - 3 potions of brilliance {unknown}
 m - a potion of degeneration {unknown}
Comestibles
 c - 4 rations


   Skills:
 + Level 3.9 Fighting
 + Level 3.3 Axes
 + Level 3.0 Armour
 + Level 2.1 Dodging


You had 3 spell levels left.
You didn't know any spells.
Your spell library was empty.

Dungeon Overview and Level Annotations

Branches:
Dungeon (3/15)

Altars:
Kikubaaqudgha


Innate Abilities, Weirdness & Mutations

You are resistant to torment.
Your stone body is resilient. (AC +3)
You are immune to poison.
You resist negative energy. (rN+)
You are resistant to electric shocks. (rElec)
You can survive without breathing.
You are immune to petrification.
You are immune to rotting.


Message History

The orc barely misses you.
Found a scroll labeled KAH BEOZOFUCVY.
Items here: ) [ †† a +0 flail; a +0 leather armour; an orc corpse x2
You slash the orc!
You kill the orc!
Trog accepts your kill.
You closely miss the orc. The orc closely misses you.
You see here a ration.
You feel a strong urge to attack something.
You are no longer berserk.
You are exhausted.
You feel yourself slow down. The orc misses you.
Items here: ) [ †† a +0 flail; a +0 leather armour; an orc corpse x2
You barely miss the orc. The orc hits you with a +0 flail.
* * * LOW HITPOINT WARNING * * *
You closely miss the orc. The orc barely misses you.
The orc hits you with a +0 flail!
You die...

...)......#####.#
.########.#
##.####..##
#..........
#..####..## #..#
#..# #..# #o@#
#.%# #.....#
####... ##...
#.#.. #.#..#
#.#?.# #.# .#


You could see an orc.

Vanquished Creatures
  An adder (D:2)
  An ooze (D:2)
  A worm (D:2)
  2 dart slugs
  4 leopard geckos
  4 orcs (D:3)
  5 bats (D:1)
  4 giant cockroaches
  6 goblins
  4 hobgoblins (D:1)
  3 kobolds (D:2)
  A quokka (D:2)
  3 rats
39 creatures vanquished.

Vanquished Creatures (others)
  A human (D:2)
1 creature vanquished.

Grand Total: 40 creatures vanquished

Notes
Turn   | Place    | Note
-------+----------+-------------------------------------------
     0 | D:1      | Fang the Gargoyle Berserker began the quest for the Orb.
     0 | D:1      | Reached XP level 1. HP: 14/14 MP: 1/1
   223 | D:1      | Reached XP level 2. HP: 17/19 MP: 2/2
   733 | D:2      | Reached XP level 3. HP: 14/24 MP: 3/3
  1406 | D:2      | Reached ** piety under Trog
  1438 | D:2      | Found an ancient bone altar of Kikubaaqudgha.
  1438 | D:2      | Noticed a human
  1441 | D:2      | Killed a human
  1464 | D:2      | Reached XP level 4. HP: 11/29 MP: 4/4
  1942 | D:3      | Slain by an orc

Levels and vault maps discovered:
D:1:      dpeg_arrival_tiny_a, layout_loops_ring
D:2:      layout_loops_cross, tgw_kikubaaqudgha
D:3:      layout_loops_ring, chequers_hall_statues_y

Skill      XL: |  1  2  3  4 |
---------------+-------------+-----
Axes           | 3 |  3.3
Dodging        | 2 |  2.1
Armour         | 3 |  3.0
Fighting       | |  3.9

Action                   |  1- 3 |  4- 6 || total
-------------------------+-------+-------++-------
Melee: Hand axe          |    90 |    13 ||   103
Invok: Berserk           |     2 |     1 ||     3
  Eat: Chunk             |     3 |     1 ||     4
Armor: Animal skin       |    31 |       ||    31
Dodge: Dodged            |    72 |    14 ||    86
